 Dungeon Crawl Stone Soup version 0.23.2-1-ga50397a (webtiles) character file.

Game seed: 8812454444211208670

23261 Rubber the Spear-Bearer (level 13, -25/81 HPs)
             Began as an Octopode Venom Mage on May 31, 2019.
             Was an Elder of Hepliaklqana.
             Hit by a silver javelin thrown by a minotaur (40 damage)
             ... in a Gauntlet.
             The game lasted 01:10:33 (20528 turns).

Rubber the Spear-Bearer (Octopode Venom Mage)      Turns: 20528, Time: 01:10:34

Health: -25/81     AC:  1    Str:  7    XL:     13   Next: 5%
Magic:  17/28      EV: 15    Int: 18    God:    Hepliaklqana [****..]
Gold:   964        SH: 12    Dex: 17    Spells: 10/20 levels left

rFire    . . .     SeeInvis .   a - +3 trident (venom)
rCold    . . .     Gourm    .   h - +1 shield
rNeg     . . .     Faith    .   (helmet restricted)
rPois    .         Spirit   .   p - amulet of Trepidation {*Contam +Rage rElec MR++}
rElec    +         Reflect  .   y - ring of magical power
rCorr    +         Harm     .   s - +1 ring of evasion
MR       ++...     NoTele   +   N - ring of resist corrosion
Stlth    +++.......             (no ring)
HPRegen  0.23/turn              (no ring)
MPRegen  0.21/turn              (no ring)
                                (no ring)
                                (no ring)

@: no status effects
A: almost no armour, stealthy swim, amphibious, 8 rings, constrict 8, reduced
essence, camouflage 1, gelatinous body 1
a: Recall Ancestor, Ancestor Identity, Transference, Idealise, Renounce
Religion, Evoke Berserk Rage


You were in a Gauntlet.
You worshipped Hepliaklqana.
Hepliaklqana was greatly pleased with you.
You were hungry.

You visited 3 branches of the dungeon, and saw 15 of its levels.
You also visited: Gauntlet.

You collected 964 gold pieces.

Inventory:

Hand Weapons
 a - a +3 trident of venom (weapon)
 b - a +4 spear of piercing
 i - a +2 trident
 v - a +0 blowgun
Missiles
 q - 3 throwing nets (quivered)
 u - 34 poisoned needles
 L - 7 tomahawks
Armour
 h - a +1 shield (worn)
Jewellery
 p - the amulet of Trepidation (around mantle) {*Contam +Rage rElec MR++}
   (You found it in a Gauntlet)

   [amulet of rage]

   It insulates you from electricity.
   It affects your resistance to hostile enchantments.
   It lets you go berserk.
   It causes magical contamination when unequipped.
 s - a +1 ring of evasion (right tentacle)
 y - a ring of magical power (left tentacle)
 z - an uncursed amulet of the acrobat
 H - an uncursed ring of fire
 N - a ring of resist corrosion (on tentacle)
Wands
 e - a wand of disintegration (32)
 f - a wand of random effects (21)
 r - a wand of acid (16)
 J - a wand of enslavement (10)
 O - a wand of paralysis (1)
 P - a wand of digging (7)
 T - a wand of clouds (3)
Scrolls
 g - 3 scrolls of teleportation
 j - 2 scrolls of fog
 o - 4 scrolls of noise
 w - 7 scrolls of remove curse
 B - 4 scrolls of magic mapping
 I - 2 scrolls of amnesia
 K - 2 scrolls of summoning
 R - a scroll of enchant armour
 S - a scroll of silence {unknown}
Potions
 c - a potion of cancellation {unknown}
 d - 2 potions of might
 k - 3 potions of magic
 l - 5 potions of haste
 n - 5 potions of flight
 t - a potion of ambrosia {unknown}
 x - a potion of mutation {unknown}
 A - a potion of resistance {unknown}
 C - a potion of brilliance {unknown}
 F - a potion of degeneration {unknown}
 G - 2 potions of lignification
 Q - 3 potions of berserk rage
Miscellaneous
 M - a lamp of fire
 U - a lightning rod (4/4)
Comestibles
 m - 6 chunks of flesh
 D - 21 rations


   Skills:
 - Level 9.7 Fighting
   Level 1.3 Short Blades
 - Level 12.1 Polearms
 - Level 4.1 Dodging
 - Level 3.2 Stealth
 + Level 10.4 Shields
 - Level 4.2 Spellcasting
 - Level 1.1 Conjurations
 - Level 3.0 Air Magic
 - Level 6.6 Poison Magic
 * Level 7.0 Invocations
 * Level 1.4 Evocations


You had 10 spell levels left.
You knew the following spells:

 Your Spells              Type           Power        Failure   Level  Hunger
a - Sting                 Conj/Pois      ###.         5%          1    None
b - Poisonous Vapours     Pois/Air       ###...       5%          2    ##.....
c - Mephitic Cloud        Conj/Pois/Air  ###.....     17%         3    ###....
d - Olgreb's Toxic Radia  Pois           ####....     17%         4    ####...

Your spell library contained the following spells:

 Spells                   Type           Power        Failure   Level  Hunger
 Venom Bolt               Conj/Pois      ###.......   82%         5    ######.


Dungeon Overview and Level Annotations

Branches:
Dungeon (13/15)            Temple (1/1) D:7            Lair (1/6) D:10
    Orc (0/2) D:10         Vaults (0/5) D:13

Altars:
Ashenzari
Cheibriados
Dithmenos
Elyvilon
Gozag
Hepliaklqana
Okawaru
Sif Muna
Vehumet
Wu Jian
Xom
Yredelemnul
The Shining One

Shops:
D:10 =

Annotations:
D:1 exclusion: 2 downstairs
D:2 exclusion: downstairs
D:3 exclusion: door
D:6 exclusion: downstairs
D:8 exclusion: downstairs
D:9 exclusion: downstairs
D:10 exclusion: 2 downstairs Gauntlet 4 transporters, exclusions: ice statue and lightning spire


Innate Abilities, Weirdness & Mutations

You cannot wear most types of armour.
You are very stealthy in the water. (Stealth+)
You are amphibious.
You can wear up to eight rings at the same time.
You can use your tentacles to constrict eight enemies at once.
Your skin changes colour to match your surroundings (Stealth+).
Your rubbery body absorbs attacks. (AC +1, EV +1)
Your life essence is reduced to manifest your ancestor. (-10% HP)


Message History

Aiming: Poisonous Vapours (safe; 5% risk of failure)
Press: ? - help, Dir - move target cursor, f/p - minotaur
Aim: a minotaur, wielding the +1 war axe of the Stork {pain, MR+}, wearing a +1 plate armour of fire resistance, wearing a +1 shield of protection and wearing the ring "Cyusaha" {Fire rElec Str+3 Int-4} (moderately wounded, poisoned) Poisonous vapours surround the minotaur!
The minotaur blocks Nindada's attack.
The minotaur is engulfed in poison gas.
The minotaur looks as sick as possible!
The minotaur throws a silver javelin.
The silver javelin hits Nindada!!
Nindada is destroyed!
Casting: Poisonous Vapours (safe; 5% risk of failure)
Confirm with . or Enter, or press ? or * to list all spells.
Aiming: Poisonous Vapours (safe; 5% risk of failure)
Press: ? - help, Dir - move target cursor, f/p - minotaur
Aim: a minotaur, wielding the +1 war axe of the Stork {pain, MR+}, wearing a +1 plate armour of fire resistance, wearing a +1 shield of protection and wearing the ring "Cyusaha" {Fire rElec Str+3 Int-4} (heavily wounded, poisoned) Poisonous vapours surround the minotaur!
You are feeling hungry.
The minotaur is engulfed in poison gas.
The minotaur looks as sick as possible!
The minotaur throws a silver javelin.
The silver javelin hits you!!
* * * LOW HITPOINT WARNING * * *
The minotaur throws a silver javelin.
The silver javelin hits you!!!
You die...

#####..#..#.#.
#≈8≈#..#.#.#)# #
#####...#..#©.#.©. #.
......8.#..#.#.#.#
.##.###...#..#..#.#.
.......8.#..#.#.#.#
..#.#...#..#......
########.#.#...#..#######
8[8=8.8#@..#.©.#≈........
∩....H((.###...#∩........
8[8[8.8#...#.©.#≈........
########.#.#...#..#######
#.....#.#...#..##.....
#8........8.#..#h#....
##.##.###...#..#}.#...
#........8.#..#[..#.#
########...#..#©8..#©


You could see a minotaur.

Vanquished Creatures
  An ironheart preserver (D:13)
  A hydra (D:11)
  2 two-headed ogres (D:13)
  2 centaur warriors
  A deep elf archer (D:13)
  A wizard (Gauntlet)
  Pikel (D:8)
  An ugly thing (D:11)
  A cyclops (D:11)
  A rime drake (Gauntlet)
  Grinder (D:3)
  4 slime creatures (D:9)
  A hippogriff (D:9)
  A wyvern (D:12)
  A wraith (D:13)
  17 yaks
  A human (D:7)
  Eustachio (D:7)
  2 hogs (D:7)
  A basilisk (Lair:1)
  2 vampire mosquitoes (D:13)
  2 wargs (D:10)
  A porcupine (Lair:1)
  10 orc warriors
  4 slaves (D:8)
  3 phantoms
  3 ice beasts
  3 sky beasts
  2 necrophages
  A black bear (D:6)
  3 eyes of draining
  2 ogres
  5 centaurs
  A big kobold (D:7)
  5 bullfrogs
  2 gnoll sergeants
  A wyvern skeleton (D:10)
  3 scorpions
  13 wights
  9 killer bees
  2 howler monkeys (D:10)
  7 crimson imps
  A bullfrog zombie (D:12)
  6 centaur zombies
  2 quasits
  2 bullfrog skeletons
  4 hounds
  10 orc priests
  2 jellies
  3 centaur skeletons
  2 iguanas
  12 orc wizards
  5 worker ants
  Robin (D:2)
  13 gnolls (D:6)
  8 adders
  4 shadow imps
  A white imp (Gauntlet)
  5 oozes (D:3)
  2 adder skeletons
  An adder zombie (D:6)
  A worm (D:6)
  A dart slug (D:1)
  2 leopard geckos
  69 orcs
  5 giant cockroaches
  15 goblins
  12 hobgoblins
  2 jackals (D:1)
  16 kobolds
  2 quokkas
  A ball python (D:3)
  A ball python skeleton (D:2)
  8 bats
  A frilled lizard (D:1)
  A jackal skeleton (D:6)
  3 leopard gecko skeletons
  2 quokka skeletons
  9 rats
361 creatures vanquished.

Vanquished Creatures (collateral kills)
  Maurice (D:9)
  A gargoyle (D:13)
  A centaur skeleton (D:13)
  2 slime creatures (D:9)
  A yak (D:11)
  A wraith (D:13)
  A shadow (D:8)
  2 hogs (D:7)
  3 orc warriors
  2 ogres
  2 centaurs
  A crocodile (D:10)
  A scorpion (D:11)
  2 wights (D:10)
  A howler monkey (D:10)
  A hound (D:13)
  2 quasits
  An orc priest (D:9)
  A jelly (D:8)
  3 orc wizards
  3 iguanas
  An adder (D:10)
  A shadow imp (D:9)
  2 orcs
  2 kobolds (D:7)
39 creatures vanquished.

Vanquished Creatures (others)
  Blork the orc (D:7)
  19 hexers
  4 ancestors
  4 demonic plants (Gauntlet)
  8 toadstools (D:3)
36 creatures vanquished.

Grand Total: 436 creatures vanquished

Notes
Turn   | Place    | Note
-------+----------+-------------------------------------------
     0 | D:1      | Rubber the Octopode Venom Mage began the quest for the Orb.
     0 | D:1      | Reached XP level 1. HP: 11/11 MP: 3/3
   493 | D:1      | Reached XP level 2. HP: 4/17 MP: 1/5
   755 | D:1      | Learned a level 2 spell: Poisonous Vapours
  1250 | D:1      | Reached XP level 3. HP: 18/21 MP: 6/6
  1779 | D:2      | Found a shimmering altar of Xom.
  1897 | D:2      | Found a basalt altar of Yredelemnul.
  1925 | D:2      | Noticed Robin
  1949 | D:2      | Reached XP level 4. HP: 12/27 MP: 4/7
  2141 | D:1      | Learned a level 3 spell: Mephitic Cloud
  2173 | D:2      | Reached skill level 1 in Fighting
  2495 | D:2      | Reached skill level 1 in Air Magic
  2538 | D:2      | Reached skill level 1 in Short Blades
  2798 | D:2      | Killed Robin
  3314 | D:3      | Reached XP level 5. HP: 33/33 MP: 3/8
  3484 | D:3      | Noticed Grinder
  4382 | D:3      | Found a faded altar of an unknown god.
  4455 | D:3      | Reached XP level 6. HP: 30/39 MP: 10/10
  4702 | D:3      | Killed Grinder
  4702 | D:3      | Reached skill level 1 in Polearms
  4702 | D:3      | Reached skill level 5 in Poison Magic
  4702 | D:3      | Reached XP level 7. HP: 17/45 MP: 11/11
  4889 | D:3      | Learned a level 4 spell: Olgreb's Toxic Radiance
  5118 | D:4      | Reached skill level 2 in Polearms
  5169 | D:4      | Found a radiant altar of Vehumet.
  5442 | D:5      | Entered Level 5 of the Dungeon
  5617 | D:5      | Found a shadowy altar of Dithmenos.
  6133 | D:6      | Reached skill level 3 in Polearms
  6147 | D:5      | HP: 2/46 [poisoned by a scorpion]
  6155 | D:5      | HP: 1/46 [poisoned by a scorpion]
  6765 | D:6      | Reached XP level 8. HP: 46/54 MP: 10/12
  6816 | D:6      | Reached skill level 4 in Polearms
  7485 | D:6      | Reached skill level 5 in Polearms
  7715 | D:6      | Reached skill level 5 in Fighting
  7987 | D:6      | Reached XP level 9. HP: 36/61 MP: 14/14
  8116 | D:6      | Found a white marble altar of Elyvilon.
  8180 | D:6      | Found a snail-covered altar of Cheibriados.
  8198 | D:6      | Found an ornate altar of the Wu Jian Council.
  8201 | D:6      | Found a shattered altar of Ashenzari.
  8204 | D:6      | Found a deep blue altar of Sif Muna.
  8315 | D:7      | Noticed Blork the orc
  8396 | D:7      | Noticed Eustachio
  8411 | D:7      | Killed Blork the orc
  8414 | D:7      | Killed Eustachio
  8414 | D:7      | Reached skill level 6 in Polearms
  9424 | D:7      | Found a staircase to the Ecumenical Temple.
  9433 | Temple   | Entered the Ecumenical Temple
  9440 | Temple   | Became a worshipper of Hepliaklqana the Forgotten
  9478 | D:7      | Reached skill level 1 in Shields
  9624 | D:7      | Reached skill level 7 in Polearms
  9664 | D:7      | Reached XP level 10. HP: 38/63 MP: 16/16
  9964 | D:8      | Noticed Pikel
  9975 | D:8      | Killed Pikel
 10145 | D:8      | Reached skill level 8 in Polearms
 11059 | D:8      | Reached * piety under Hepliaklqana
 12227 | D:9      | Noticed a centaur warrior
 12296 | D:9      | Noticed Maurice
 12302 | D:9      | Reached skill level 9 in Polearms
 12315 | D:9      | Killed Maurice
 13169 | D:9      | Reached ** piety under Hepliaklqana
 13170 | D:9      | Remembered your ancestor Nindada as a hexer
 13228 | D:9      | Reached skill level 5 in Shields
 13228 | D:9      | Reached XP level 11. HP: 72/72 MP: 17/17
 13592 | D:9      | Killed a centaur warrior
 14313 | D:10     | Entered Level 10 of the Dungeon
 14313 | D:10     | Found Nieloib's Jewellery Emporium.
 14399 | D:10     | Found a staircase to the Lair.
 14408 | D:10     | Reached skill level 10 in Polearms
 15472 | D:10     | Found an iron altar of Okawaru.
 15661 | D:10     | Found a staircase to the Orcish Mines.
 15795 | D:11     | Noticed a cyclops
 15869 | D:11     | Noticed a five-headed hydra
 15959 | D:11     | Reached skill level 11 in Polearms
 16387 | D:11     | Killed a cyclops
 16799 | D:11     | Noticed a green ugly thing
 16821 | D:11     | Killed a green ugly thing
 16863 | D:11     | Reached *** piety under Hepliaklqana
 16873 | D:11     | Noticed a seven-headed hydra
 17033 | D:11     | Reached XP level 12. HP: 75/78 MP: 18/18
 17222 | D:11     | Killed a five-headed hydra
 17222 | D:11     | Reached skill level 12 in Polearms
 17593 | D:12     | Found an opulent altar of Gozag.
 17830 | D:12     | Reached skill level 1 in Invocations
 18235 | D:13     | Noticed a two-headed ogre
 18236 | D:13     | Reached **** piety under Hepliaklqana
 18247 | D:13     | Killed a two-headed ogre
 18500 | D:13     | Noticed a two-headed ogre
 18507 | D:13     | Killed a two-headed ogre
 18507 | D:13     | Noticed an ironheart preserver
 18530 | D:13     | Killed an ironheart preserver
 18530 | D:13     | Reached skill level 5 in Invocations
 18605 | D:13     | Found a gate to the Vaults.
 18656 | D:13     | Noticed a centaur warrior
 18665 | D:13     | Killed a centaur warrior
 18791 | D:13     | Found a glowing golden altar of the Shining One.
 19159 | D:13     | Reached skill level 10 in Shields
 19365 | D:13     | Noticed a death knight
 19400 | D:13     | HP: 1/78 [bullfrog (8)]
 19433 | D:13     | Noticed a six-headed hydra
 19434 | D:13     | Noticed a tengu warrior
 19768 | Lair:1   | Entered Level 1 of the Lair of Beasts
 19773 | Lair:1   | Found a gate leading to a gauntlet.
 19785 | Lair:1   | Reached XP level 13. HP: 56/81 MP: 17/19
 19871 | Gauntlet | Entered a Gauntlet
 19871 | Gauntlet | Found a transporter.
 19871 | Gauntlet | Found a transporter.
 19871 | Gauntlet | Found a transporter.
 19891 | Gauntlet | Found a transporter.
 19901 | Gauntlet | Found a transporter.
 19922 | Gauntlet | Found a transporter.
 19928 | Gauntlet | Found a transporter.
 19936 | Gauntlet | Found a transporter.
 19953 | Gauntlet | Found a transporter.
 19961 | Gauntlet | Found a transporter.
 19978 | Gauntlet | Found a transporter.
 20006 | Gauntlet | Found a transporter.
 20414 | Gauntlet | Got a translucent copper amulet
 20433 | Gauntlet | Identified the amulet of Trepidation {*Contam +Rage rElec
                  | MR++} (You found it in a Gauntlet)
 20444 | Gauntlet | Reached skill level 1 in Evocations
 20519 | Gauntlet | Identified the cursed +1 war axe of the Stork {pain, MR+}
 20519 | Gauntlet | Identified the ring "Cyusaha" {Fire rElec Str+3 Int-4}
 20519 | Gauntlet | Noticed a minotaur
 20528 | Gauntlet | Hit by a silver javelin thrown by a minotaur

Skill      XL: |  1  2  3  4  5  6  7  8  9 10 11 12 13 |
---------------+----------------------------------------+-----
Poison Magic   | 4 5 6 |  6.6
Stealth        | 3 |  3.2
Fighting       | 1 2 3 5 7 9 |  9.7
Air Magic      | 1 2 3 |  3.0
Short Blades   | 1 |  1.3
Polearms       | 1 3 5 7 9 11 12 | 12.1
Dodging        | 3 4 |  4.1
Spellcasting   | 3 4 |  4.2
Shields        | 2 5 7 10 | 10.4
Invocations    | 6 7 |  7.0
Evocations     | 1 |  1.4
Conjurations   | |  1.1

Action                   |  1- 3 |  4- 6 |  7- 9 | 10-12 | 13-15 || total
-------------------------+-------+-------+-------+-------+-------++-------
Melee: Unarmed           |    35 |       |       |       |       ||    35
       Constrict         |    26 |    23 |    47 |    52 |     2 ||   150
       Tentacles         |    11 |    16 |    35 |    97 |       ||   159
       Short sword       |    55 |    17 |       |       |       ||    72
       Club              |     1 |       |       |       |       ||     1
       Dagger            |       |    31 |       |       |       ||    31
       Trident           |       |    46 |   168 |   475 |    11 ||   700
       Spear             |       |       |   114 |   184 |       ||   298
 Cast: Sting             |     8 |       |       |       |       ||     8
       Poisonous Vapours |     3 |    21 |    13 |    71 |    10 ||   118
       Olgreb's Toxic Ra |       |       |    13 |    35 |     3 ||    51
       Mephitic Cloud    |       |       |       |     1 |       ||     1
Invok: Ancestor Life: He |       |       |       |     1 |       ||     1
       Recall Ancestor   |       |       |       |       |     2 ||     2
Evoke: Wand              |       |     5 |       |     2 |       ||     7
  Use: Potion            |     1 |       |     1 |     3 |     1 ||     6
       Scroll            |       |     6 |     6 |    15 |     3 ||    30
 Stab: Sleeping          |     7 |     7 |     8 |    20 |       ||    42
       Distracted        |       |     1 |     2 |     8 |       ||    11
       Confused          |       |       |       |     2 |       ||     2
  Eat: Chunk             |     3 |    10 |     9 |    32 |       ||    54
       Ration            |       |       |     3 |     3 |     1 ||     7
Armor: Skin              |    12 |     2 |     4 |     8 |       ||    26
Dodge: Dodged            |    90 |    51 |   146 |   162 |     5 ||   454
Block: Shield            |       |       |     5 |   154 |     4 ||   163
